 Dungeon Sprint DCSS version 0.20-a0-331-g5b3579f (webtiles) character file.

114 Havercy the Skirmisher (level 4, 34/45 HPs)
             Began as a Draconian Fighter on Dec 21, 2016.
             Quit the game in the Dungeon (Sprint IX: "|||||||||||||||||||||||||||||").
             The game lasted 00:00:16 (72 turns).

Havercy the Skirmisher (Draconian Fighter)            Turns: 72, Time: 00:00:16

Health: 34/45      AC:  5    Str: 19    XL:     4   Next: 67%
Magic:  4/4        EV: 12    Int:  9    God:
Gold:   0          SH: 10    Dex: 10    Spells: 3/3 levels left

rFire  . . .     SeeInvis .     a - +0 long sword
rCold  . . .     Gourm    .     (armour unavailable)
rNeg   . . .     Faith    .     b - +0 shield
rPois  .         Spirit   .     (helmet restricted)
rElec  .         Reflect  .     (no cloak)
rCorr  .         Harm     .     (no gloves)
MR     .....     NoTele   +     (no boots)
Stlth  +.........               (no amulet)
                                (no ring)
                                (no ring)

@: exhausted, slowed, very slow
A: unfitting armour, cold-blooded, AC +5
a: no special abilities


You were in the Dungeon.
You were not hungry.

You visited 1 branch

Inventory:

Hand Weapons
 a - a +0 long sword (weapon)
Armour
 b - a +0 shield (worn)
Scrolls
 j - a scroll of blinking
Potions
 c - a potion of might
 f - a potion of heal wounds
 g - a potion of haste
 h - 2 potions of magic
Comestibles
 d - a bread ration


   Skills:
 + Level 6.4 Fighting
 + Level 4.1 Long Blades
 + Level 5.0 Dodging
 + Level 5.9 Shields


You had 3 spell levels left.
You didn't know any spells.

Dungeon Overview and Level Annotations

Branches:
Dungeon (1/1)

Altars:
Cheibriados
Dithmenos
Elyvilon
Fedhas
Gozag
Hepliaklqana
Kikubaaqudgha
Makhleb
Nemelex Xobeh
Okawaru
Qazlal
Ru
Sif Muna
Trog
Beogh
Jiyva
Lugonu


Innate Abilities, Weirdness & Mutations

Your plain brown scales are hard. (AC +5)
You cannot fit into any form of body armour.
You are cold-blooded and may be slowed by cold attacks.


Message History

There is a roughly hewn altar of Beogh here.
Found an ancient bone altar of Kikubaaqudgha.
There is a snail-covered altar of Cheibriados here.
Found a corrupted altar of Lugonu.
There is a shadowy altar of Dithmenos here.
Found a burning altar of Makhleb.
There is a white marble altar of Elyvilon here.
Found a sparkling altar of Nemelex Xobeh.
There is a blossoming altar of Fedhas here.
Found an iron altar of Okawaru.
There is an opulent altar of Gozag here.
Found a stormy altar of Qazlal.
There is a hazy altar of Hepliaklqana here.
Found a sacrificial altar of Ru.
There is a viscous altar of Jiyva here.
Found a deep blue altar of Sif Muna.
There is an ancient bone altar of Kikubaaqudgha here.
Found a bloodstained altar of Trog.
There is a corrupted altar of Lugonu here.
Are you sure you want to abandon this character and quit the game? (Confirm with "yes".)

▓_▓
▓_▓
▓_▓
▓_▓
▓_▓
▓_▓
▓_▓
▓_▓
▓@▓
▓_▓
▓_▓
▓_▓
▓_▓
▓_▓
▓_▓
▓_▓


There were no monsters in sight!

Vanquished Creatures
  An ogre (D)
  2 adders (D)
  A dart slug (D)
  A leopard gecko (D)
  A bat (D)
  A bat skeleton (D)
  A goblin (D)
  A hobgoblin (D)
  A frilled lizard (D)
10 creatures vanquished.

Vanquished Creatures (others)
  A spatial maelstrom (D)
1 creature vanquished.

Grand Total: 11 creatures vanquished

Notes
Turn   | Place    | Note
-------+----------+-------------------------------------------
     0 | D        | Havercy the Draconian Fighter began the quest for the Orb.
     0 | D        | Reached XP level 1. HP: 19/19 MP: 1/1
     5 | D        | Banished a spatial maelstrom
    18 | D        | Reached skill level 4 in Fighting
    25 | D        | Noticed an ogre
    26 | D        | Reached XP level 2. HP: 22/27 MP: 2/2
    48 | D        | Reached skill level 5 in Fighting
    51 | D        | Reached XP level 3. HP: 36/36 MP: 3/3
    54 | D        | Killed an ogre
    54 | D        | Reached skill level 6 in Fighting
    54 | D        | Reached skill level 5 in Dodging
    54 | D        | Reached skill level 5 in Shields
    54 | D        | Reached XP level 4. HP: 45/45 MP: 4/4
    60 | D        | Found a roughly hewn altar of Beogh.
    60 | D        | Found a snail-covered altar of Cheibriados.
    60 | D        | Found a shadowy altar of Dithmenos.
    60 | D        | Found a white marble altar of Elyvilon.
    60 | D        | Found a blossoming altar of Fedhas.
    60 | D        | Found an opulent altar of Gozag.
    61 | D        | Found a hazy altar of Hepliaklqana.
    62 | D        | Found a viscous altar of Jiyva.
    63 | D        | Found an ancient bone altar of Kikubaaqudgha.
    64 | D        | Found a corrupted altar of Lugonu.
    65 | D        | Found a burning altar of Makhleb.
    66 | D        | Found a sparkling altar of Nemelex Xobeh.
    67 | D        | Found an iron altar of Okawaru.
    68 | D        | Found a stormy altar of Qazlal.
    69 | D        | Found a sacrificial altar of Ru.
    70 | D        | Found a deep blue altar of Sif Muna.
    71 | D        | Found a bloodstained altar of Trog.
    72 | D        | Quit the game

Vault maps used:
D:        linesprint

Skill      XL: |  1  2  3 |
---------------+----------+-----
Dodging        | 3 5 |  5.0
Fighting       | 4 5 6 |  6.4
Shields        | 4 5 |  5.9
Long Blades    | 4 |  4.1

Action                   |  1- 3 |  4- 6 || total
-------------------------+-------+-------++-------
Melee: Long sword        |    41 |       ||    41
       Tailslap          |     6 |       ||     6
  Use: Potion            |     2 |       ||     2
Armor: Skin              |    11 |       ||    11
Dodge: Dodged            |    18 |       ||    18
Block: Shield            |    25 |       ||    25
       Rpst.: Long sword |     6 |       ||     6
